 Dungeon Crawl Stone Soup version 0.30-a0-373-gd37427bb62 (webtiles) character file.

Game seed: 11934356487661547740

3339 bande the Cleaver (level 10, -6/61 HPs)
             Began as a Gargoyle Fighter on Nov 23, 2022.
             Killed from afar by an acid dragon (19 damage)
             ... with a splash of acid
             ... on level 9 of the Dungeon.
             The game lasted 00:13:13 (8025 turns).

bande the Cleaver (Gargoyle Fighter)                Turns: 8025, Time: 00:13:13

Health: -6/61      AC: 21    Str: 19    XL:     10   Next: 2%
Magic:  10/10      EV:  7    Int: 10    God:
Gold:   245        SH:  5    Dex: 13    Spells: 9/9 levels left

rFire   . . .      SeeInvis +    s - +4 war axe (vorpal)
rCold   . . .      Faith    .    c - +0 buckler
rNeg    + . .      Spirit   .    j - +0 chain mail
rPois   ∞          Reflect  .    (no helmet)
rElec   +          Harm     .    h - +0 cloak
rCorr   .          Rampage  .    y - +1 pair of gloves
Will    .....                    (no boots)
Stlth   ..........               (no amulet)
HPRegen 0.30/turn                o - ring of see invisible
MPRegen 0.12/turn                (no ring)

@: no status effects
A: sickness immunity, AC +7, negative energy resistance 1, electricity
resistance, torment resistance 1, petrification resistance
a: no special abilities


You were on level 9 of the Dungeon.
You visited 2 branches of the dungeon, and saw 10 of its levels.

You collected 507 gold pieces.
You spent 262 gold pieces at shops.

Inventory:

Hand Weapons
 a - a +1 spectral war axe
 k - a +2 flail of holy wrath
 s - a +4 vorpal war axe (weapon)
Armour
 c - a +0 buckler (worn)
 h - a +0 cloak (worn)
 j - a +0 chain mail (worn)
 t - a +0 ring mail of fire resistance
 y - a +1 pair of gloves (worn)
Jewellery
 o - a ring of see invisible (left hand)
 w - a ring of wizardry
Wands
 l - a wand of paralysis (20)
 n - a wand of mindburst (12)
 q - a wand of flame (16)
 r - a wand of polymorph (16)
 x - a wand of acid (1)
Scrolls
 d - 3 scrolls of blinking
 f - 2 scrolls of teleportation
 m - 3 scrolls of poison
 u - a scroll of enchant weapon
Potions
 b - 2 potions of cancellation
 e - a potion of flight
 g - 4 potions of curing
 i - 2 potions of brilliance
 p - a potion of berserk rage {unknown}
 v - a potion of heal wounds


   Skills:
 + Level 6.7 Fighting
 + Level 8.3 Axes
 + Level 7.9 Armour
 + Level 5.1 Shields
 * Level 4.6 Evocations


You had 9 spell levels left.
You didn't know any spells.
Your spell library contained the following spells:

 Spells                   Type           Power      Damage    Failure   Level
 Magic Dart               Conj           0%         1d3       99%         1
 Call Imp                 Summ           0%         N/A       100%        2
 Mephitic Cloud           Conj/Pois/Air  0%         N/A       100%        3
 Ozocubu's Armour         Ice            0%         N/A       100%        3
 Metabolic Englaciation   Hex/Ice        0%         N/A       100%        5
 Simulacrum               Ice/Necr       0%         N/A       100%        6


Dungeon Overview and Level Annotations

Branches:
Dungeon (9/15)             Temple (1/1) D:6            Lair (0/5) D:8
    Orc: D:9-12

Altars:
Ashenzari
Dithmenos
Elyvilon
Fedhas
Gozag
Hepliaklqana
Kikubaaqudgha
Nemelex Xobeh
Okawaru
Qazlal
Ru
Sif Muna
Trog
Wu Jian
Xom
Yredelemnul
Zin
The Shining One

Shops:
D:1 ((?[*   D:6 ?*(   D:7 =

Portals:
Abyss: D:5

Annotations:
D:8 2 transporters, sirJeffrey23's ghost, novice BaFi


Innate Abilities, Weirdness & Mutations

You are immune to sickness and miasma.
Your stone body is resilient. (AC +7)
You are immune to poison.
You resist negative energy. (rN+)
You are resistant to electric shocks. (rElec)
You are resistant to unholy torment.
You are immune to petrification.


Message History

You slash the wyvern!
The wyvern is moderately wounded.
The wyvern bites you.
The wyvern bites you but does no damage.
You slash the wyvern!
The wyvern is severely wounded.
The wyvern bites you!
You are too injured to fight recklessly!
You are too injured to fight recklessly!
You are too injured to fight recklessly!
You are too injured to fight recklessly!
You are too injured to fight recklessly!
You are too injured to fight recklessly!
You are too injured to fight recklessly!
You are too injured to fight recklessly!
You are too injured to fight recklessly!
You are too injured to fight recklessly!
You slash the wyvern!
You kill the wyvern!
You have reached level 10!
You barely miss the orc. You block the orc's attack.
You closely miss the orc. The orc hits you but does no damage.
You slash the orc!
You kill the orc!
The centaur shoots an arrow.
You block the arrow. The acid dragon spits acid at you.
The splash of acid hits you!
* * * LOW HITPOINT WARNING * * *
You slash the acid dragon!
The acid dragon is severely wounded.
The acid dragon barely misses you.
The acid dragon claws you but does no damage.
You barely miss the acid dragon.
The acid dragon is severely wounded.
You block the acid dragon's attack. x2
You hit the acid dragon but do no damage.
The acid dragon is severely wounded.
The acid dragon spits acid at you. The splash of acid hits you!!
You die...

...#. #...# #...#
#...# .## #...# ..
#.))# #. #...# .#
..#.KD##.#
#....#@.# #....#..#
#....#.## #....##.#
#...#.#.##### ###
#... #.#..#.. ..#
#...
##.##...#######..
##.####.......###
#####..............


You could see an acid dragon (catching breath) and a kobold.

Vanquished Creatures
  The ghost of porpoise the Sneak, an amateur GrDe of Okawaru (D:5)
  A wyvern (D:9)
  Edmund (D:6)
  2 ice beasts
  A black bear (D:8)
  An orc warrior (D:6)
  3 centaurs
  2 phantoms (D:5)
  3 kobold brigands
  A necrophage (D:6)
  3 scorpions (D:5)
  5 bullfrogs
  7 killer bees
  3 vampire bats (D:3)
  An electric eel (D:8)
  3 lava snakes (D:7)
  3 hounds
  3 orc priests
  A gnoll bouda (D:7)
  6 orc wizards
  2 small abominations (D:5)
  9 gnolls
  3 adders
  2 shadow imps
  2 white imps
  2 ufetubi
  2 worms
  A dart slug (D:1)
  24 orcs
  6 bats
  3 bat skeletons (D:3)
  2 bat zombies (D:3)
  2 endoplasms
  13 giant cockroaches
  5 goblins
  7 hobgoblins
  6 jackals (D:1)
  6 quokkas
  8 ball pythons
  4 frilled lizards
  15 kobolds
  5 rats
180 creatures vanquished.

Vanquished Creatures (others)
  2 orc wizards
2 creatures vanquished.

Grand Total: 182 creatures vanquished

Notes
Turn   | Place    | Note
-------+----------+-------------------------------------------
     0 | D:1      | bande the Gargoyle Fighter began the quest for the Orb.
     0 | D:1      | Reached XP level 1. HP: 14/14 MP: 1/1
   161 | D:1      | Reached XP level 2. HP: 19/19 MP: 2/2
   249 | D:1      | Found Upadgh's Magic Scroll Emporium.
   255 | D:1      | Reached skill level 2 in Axes
   269 | D:1      | Found Vatoplao's Assorted Antiques.
   343 | D:1      | Found Zutoyf's Weapon Shoppe.
   358 | D:1      | Found Amperhy's Weapon Shop.
   622 | D:1      | Reached XP level 3. HP: 20/23 MP: 3/3
   723 | D:1      | Found Zoidavo's Antique Armour Shoppe.
  1664 | D:3      | Reached XP level 4. HP: 24/28 MP: 4/4
  2216 | D:3      | Reached skill level 3 in Axes
  2249 | D:3      | Reached XP level 5. HP: 28/33 MP: 5/5
  2339 | D:3      | Found an ancient bone altar of Kikubaaqudgha.
  2351 | D:3      | Reached skill level 4 in Axes
  2351 | D:3      | Reached XP level 6. HP: 30/38 MP: 6/6
  2870 | D:4      | Found a white marble altar of Elyvilon.
  2954 | D:4      | Found a basalt altar of Yredelemnul.
  3434 | D:5      | Entered Level 5 of the Dungeon
  3461 | D:5      | Noticed a small abomination
  3465 | D:5      | Found a one-way gate to the infinite horrors of the Abyss.
  3465 | D:5      | Noticed porpoise's ghost (amateur GrDe)
  3519 | D:5      | Reached skill level 5 in Armour
  3519 | D:5      | Reached XP level 7. HP: 36/44 MP: 7/7
  3607 | D:5      | Reached skill level 5 in Axes
  3680 | D:5      | Reached skill level 1 in Evocations
  3731 | D:5      | Found a transporter.
  3751 | D:5      | Found a transporter.
  3885 | D:5      | Reached skill level 5 in Fighting
  4258 | D:5      | Reached XP level 8. HP: 37/49 MP: 8/8
  4722 | D:5      | Reached skill level 6 in Axes
  4758 | D:5      | Killed porpoise's ghost
  5077 | D:6      | Found a staircase to the Ecumenical Temple.
  5077 | D:6      | You fall into a shaft and drop 2 floors!
  5125 | D:8      | Found an iron altar of Okawaru.
  5176 | D:7      | Found Ewnoqir's Jewellery Shoppe.
  5260 | D:7      | Found a blossoming altar of Fedhas.
  5300 | D:6      | Found Ebedgh's Assorted Antiques.
  5528 | D:6      | Noticed Edmund
  5537 | D:6      | Killed Edmund
  5538 | D:6      | Reached skill level 7 in Axes
  5538 | D:6      | Reached XP level 9. HP: 50/55 MP: 9/9
  5544 | Temple   | Entered the Ecumenical Temple
  5787 | D:6      | Found Sifox's Weapon Shoppe.
  5801 | D:6      | Bought a +4 war axe of venom for 262 gold pieces
  5948 | D:6      | Found Muficenn's Magic Scroll Boutique.
  7030 | D:7      | Found a shimmering blue altar of Sif Muna.
  7240 | D:8      | Found a staircase to the Lair.
  7316 | D:8      | Found a broken altar of Ashenzari.
  7319 | D:8      | Found a sacrificial altar of Ru.
  7435 | D:8      | Found a transporter.
  7436 | D:8      | Found a transporter.
  7441 | D:8      | Noticed sirJeffrey23's ghost (novice BaFi)
  7467 | D:8      | Reached skill level 8 in Axes
  7471 | D:8      | Reached skill level 5 in Shields
  8020 | D:9      | Reached XP level 10. HP: 28/61 MP: 10/10
  8025 | D:9      | Killed from afar by an acid dragon

Illustrated notes

Levels and vault maps discovered:
D:1:      dpeg_arrival_solitude, layout_basic, serial_shops, shop, shop, shop,
          nicolae_shop_behind_doors, nicolae_shop_bloodbath_and_beyond,
          chequers_arboretum
D:2:      layout_rooms
D:3:      minmay_roachtagon, layout_loops_cross, kennysheep_vampire_church
D:4:      layout_gridville, kennysheep_ying_yang
D:5:      layout_loops_ring, gammafunk_ghost_abyssal_escape
D:6:      layout_basic, minmay_temple_entry_mist, serial_shops, shop, shop,
          nicolae_shop_stone, uniq_edmund
D:7:      layout_rooms, mainiacjoe_overflow_alcove_4, overflow_temple_1_default,
          serial_shops, shop, kennysheep_diamond,
          hangedman_abyss_or_decor_stabs, sigmund_army
D:8:      layout_basic, nicolae_overflow_hidden_temple,
          nicolae_overflow_squiral, lair_entry_dummy, gammafunk_ghost_smash,
          minmay_misc_feat_diagonals
D:9:      minmay_ornate_pinched, layout_basic, kennysheep_slug_shrine,
          nicolae_vehumet_radiance, gammafunk_ghost_spectres
Temple:   hellmonk_temple_flake

Skill      XL: |  1  2  3  4  5  6  7  8  9 |
---------------+----------------------------+-----
Axes           | 2 3 4 5 7 8 |  8.3
Armour         | 4 5 6 7 |  7.9
Fighting       | 4 5 6 |  6.7
Shields        | 4 5 |  5.1
Evocations     | 1 3 4 |  4.6

Action                   |  1- 3 |  4- 6 |  7- 9 | 10-12 || total
-------------------------+-------+-------+-------+-------++-------
Melee: War axe           |   155 |   185 |   232 |     6 ||   578
  Use: Scroll            |     6 |     9 |     4 |       ||    19
       Potion            |       |       |     4 |       ||     4
 Stab: Distracted        |       |       |     1 |       ||     1
Armor: Scale mail        |    81 |       |       |       ||    81
       Chain mail        |    15 |   192 |   203 |     2 ||   412
Dodge: Dodged            |    86 |   112 |    87 |     1 ||   286
Block: Buckler           |    33 |    48 |    64 |     4 ||   149

Table legend: (Time is in decaauts)
 A = Elapsed time spent in this place.
 B = Non-inter-level travel time spent in this place.
 C = Inter-level travel time spent in this place.
 D = Time resting spent in this place.
 E = Time spent auto-exploring this place.
 F = Levels seen in this place.
 G = Mean time per level.
                   A        B        C        D        E       F      G
               +--------+--------+--------+--------+--------+-----+--------+
         Total |   8210 |   7948 |    262 |   1813 |   4595 |  10 |  821.0 |
       Dungeon |   8050 |   7788 |    262 |   1813 |   4455 |   9 |  894.4 |
        Temple |    160 |    160 |      0 |      0 |    140 |   1 |  160.0 |
               +--------+--------+--------+--------+--------+-----+--------+

Top non-repeatable levels by time:
     D:5: 1395 daAuts
     D:7: 1215 daAuts
     D:4: 1171 daAuts
     D:1: 1089 daAuts
     D:3: 965 daAuts
     D:8: 861 daAuts
     D:6: 659 daAuts
     D:2: 613 daAuts
  Temple: 160 daAuts
     D:9: 80 daAuts
